 Dungeon Crawl Stone Soup version 0.23-a0-644-gb60d84b (webtiles) character file.

94 zishaf the Sneak (level 4, -5/23 HPs)
             Began as a Vine Stalker Assassin on Jan 2, 2019.
             Slain by a gnoll (6 damage)
             ... on level 3 of the Dungeon.
             The game lasted 00:03:29 (2142 turns).

zishaf the Sneak (Vine Stalker Assassin)            Turns: 2142, Time: 00:03:30

Health: -5/23      AC:  3    Str: 14    XL:     4   Next: 63%
Magic:  0/14       EV:  6    Int: 11    God:
Gold:   75         SH:  0    Dex: 16    Spells: 3/3 levels left

rFire    . . .     SeeInvis .   a - +2 dagger
rCold    . . .     Gourm    .   k - +0 buckler (curse)
rNeg     . . .     Faith    .   c - +0 robe
rPois    .         Spirit   +   (no helmet)
rElec    .         Reflect  .   d - +0 cloak
rCorr    .         Harm     .   (no gloves)
MR       .....                  (no boots)
Stlth    +++.......             (no amulet)
HPRegen  0.47/turn              m - ring of magical power
MPRegen  0.14/turn              (no ring)

@: held
A: fangs 2, regeneration 1, magic shield, antimagic bite, no potion heal 3, rot
immunity
a: no special abilities


You were on level 3 of the Dungeon.
You were not hungry.

You visited 1 branch of the dungeon, and saw 3 of its levels.

You collected 75 gold pieces.

Inventory:

Hand Weapons
 a - a +2 dagger (weapon)
 b - a +0 blowgun
Missiles
 e - 18 poisoned needles
 f - 2 curare-tipped needles
Armour
 c - a +0 robe (worn)
 d - a +0 cloak (worn)
 k - a cursed +0 buckler (worn)
Jewellery
 m - a ring of magical power (left hand)
Wands
 i - a wand of digging (5)
Scrolls
 h - 5 scrolls of identify {unknown}
 j - 2 scrolls of amnesia {unknown}
 l - 2 scrolls of blinking {unknown}
 n - 2 scrolls of remove curse {unknown}
 o - a scroll of immolation {unknown}
 p - 2 scrolls of noise {unknown}
Potions
 r - a potion of heal wounds {unknown}
Comestibles
 g - 6 rations


   Skills:
 + Level 2.4 Fighting
 * Level 2.9 Short Blades
 - Level 1.7 Throwing
 + Level 0.9 Armour
 - Level 1.0 Dodging
 - Level 5.0 Stealth
 * Level 1.5 Shields


You had 3 spell levels left.
You didn't know any spells.
Your spell library was empty.

Dungeon Overview and Level Annotations

Branches:
Dungeon (3/15)

Altars:


Innate Abilities, Weirdness & Mutations

You have extremely sharp teeth.
Your natural rate of healing is unusually fast.
When hurt, damage is shared between your health and your magic reserves.
Your bite disrupts and absorbs the magic of your enemies.
Potions cannot restore your health.
You are immune to rotting.


Message History

The gnoll is moderately wounded.
The gnoll throws a throwing net.
The throwing net hits you.
You become entangled in the net!
You stop ascending the stairs.
The gnoll hits you from afar with a +0 spear.
The gnoll barely misses you.
You struggle against the net.
The gnoll hits you but does no damage. The gnoll completely misses you.
A quokka comes into view.
You struggle against the net.
The gnoll hits you from afar with a +0 spear!
The gnoll hits you with a +0 flail! The gnoll hits you.
* * * LOW HITPOINT WARNING * * *
The gnoll barely misses you.
You struggle against the net.
The gnoll hits you from afar with a +0 spear.
* * * LOW HITPOINT WARNING * * *
The gnoll hits you.
* * * LOW HITPOINT WARNING * * *
The gnoll hits you.
You die...

####
>..
###
..#
#..
..# #
..#..
.#
...
..
#g#.#
#@g.#
#g###
..g
##.##
..#
###


You could see 4 gnolls.

Vanquished Creatures
  4 adders (D:2)
  2 oozes (D:2)
  A leopard gecko (D:2)
  2 giant cockroaches
  2 hobgoblins
  2 jackals (D:1)
  11 bats
  6 frilled lizards
  5 goblins
  7 kobolds
  10 rats
52 creatures vanquished.

Notes
Turn   | Place    | Note
-------+----------+-------------------------------------------
     0 | D:1      | zishaf the Vine Stalker Assassin began the quest for the
                  | Orb.
     0 | D:1      | Reached XP level 1. HP: 11/11 MP: 2/2
   394 | D:1      | Reached skill level 1 in Dodging
   394 | D:1      | Reached XP level 2. HP: 15/15 MP: 3/3
   450 | D:1      | Reached skill level 5 in Stealth
  1129 | D:1      | Reached XP level 3. HP: 18/18 MP: 4/4
  1536 | D:2      | Reached skill level 1 in Shields
  1602 | D:2      | Gained mutation: Your natural rate of healing is unusually
                  | fast. [Vine Stalker growth]
  1602 | D:2      | Reached XP level 4. HP: 2/23 MP: 5/5
  2142 | D:3      | HP: 1/23 [gnoll (5)]
  2142 | D:3      | Slain by a gnoll

Vault maps used:
D:1:      lightli_arrival_statuegarden
D:2:      serial_aquarium, aquarium_bridge_square, aquarium_bridge_straight,
          aquarium_window_fake, aquarium_window_fake, aquarium_window_2,
          aquarium_view_2e, aquarium_balcony_3b, minmay_tromino_v7
D:3:      lemuel_coloured_pillars_altar, uniq_ijyb

Skill      XL: |  1  2  3 |
---------------+----------+-----
Short Blades   | 2 |  2.9
Dodging        | 1 |  1.0
Stealth        | 5 |  5.0
Fighting       | 2 |  2.4
Shields        | 1 |  1.5
Throwing       | |  1.7
Armour         | |  0.9

Action                   |  1- 3 |  4- 6 || total
-------------------------+-------+-------++-------
Melee: Dagger            |   117 |    36 ||   153
       Bite              |    24 |     9 ||    33
 Stab: Sleeping          |     9 |     2 ||    11
  Eat: Chunk             |     2 |     2 ||     4
Armor: Robe              |    53 |     7 ||    60
Dodge: Dodged            |   111 |    20 ||   131
Block: Buckler           |    16 |    11 ||    27

Table legend:
 A = Non-vault XP
 B = Vault XP
 C = Vault XP percentage of total XP
 D = Non-vault monster count
 E = Vault monster count
 F = Vault count percentage of total count
                 A         B        C        D         E       F
            +---------+---------+-------+---------+---------+-------
      Total |     126 |       9 |   6.7 |      49 |       3 |   5.8
            +---------+---------+-------+---------+---------+-------
        D:1 |      34 |       0 |   0.0 |      25 |       0 |   0.0
        D:2 |      92 |       9 |   8.9 |      24 |       3 |  11.1
            +---------+---------+-------+---------+---------+-------
